 Dungeon Crawl Stone Soup version 0.22-a0-443-g17c3723 (webtiles) character file.

5040 Borgoz the Nimble (level 10, -7/86 HPs)
             Began as a Ghoul Gladiator on May 31, 2018.
             Was a Believer of Kikubaaqudgha.
             Mangled by Joseph
             ... wielding a +0 quarterstaff of holy wrath
              (12 damage)
             ... on level 8 of the Dungeon.
             The game lasted 00:22:20 (7722 turns).

Borgoz the Nimble (Ghoul Gladiator)                 Turns: 7722, Time: 00:22:21

Health: -7/86      AC:  8    Str: 24    XL:     10   Next: 55%
Magic:  9/9        EV: 16    Int:  4    God:    Kikubaaqudgha [**....]
Gold:   381        SH:  0    Dex: 12    Spells: 6/9 levels left

rFire    + . .     SeeInvis +     - Unarmed
rCold    + . .     Gourm    .   (no shield)
rNeg     + + +     Faith    .   C - +3 leather armour {rPois}
rPois    ∞         Spirit   .   b - +0 helmet
rElec    .         Reflect  .   (no cloak)
rCorr    .         Harm     .   (no gloves)
MR       .....                  (no boots)
Stlth    +.........             p - amulet of regeneration
HPRegen  0.00/turn              e - ring of see invisible
MPRegen  0.11/turn              n - ring of protection from fire

@: mighty, very slightly contaminated, rotting, invisible
A: rotting body, claws 1, carnivore, cold resistance 1, negative energy
resistance 3, inhibited regeneration, torment resistance, unbreathing
a: Receive Corpses, Renounce Religion


You were on level 8 of the Dungeon.
You worshipped Kikubaaqudgha.
Kikubaaqudgha was pleased with you.
You were not hungry.

You visited 3 branches of the dungeon, and saw 10 of its levels.

You collected 381 gold pieces.

Inventory:

Missiles
 c - 3 throwing nets (quivered)
Armour
 a - a +0 leather armour
 b - a +0 helmet (worn)
 C - a +3 leather armour of poison resistance (worn)
Jewellery
 e - a ring of see invisible (left claw)
 n - a ring of protection from fire (right claw)
 o - an uncursed ring of ice
 p - an amulet of regeneration (around neck)
 A - an uncursed ring of resist corrosion
Wands
 q - a wand of scattershot (7)
 y - a wand of random effects (73)
 D - a wand of iceblast (9)
Scrolls
 f - a scroll of enchant weapon {unknown}
 g - 2 scrolls of remove curse
 l - 3 scrolls of enchant armour
 m - 5 scrolls of teleportation
 t - a scroll of fear {unknown}
 u - a scroll of silence {unknown}
 v - 2 scrolls of identify
 x - a scroll of magic mapping {unknown}
Potions
 h - a potion of brilliance {unknown}
 i - a potion of resistance {unknown}
 j - 3 potions of invisibility
 r - a potion of agility {unknown}
 s - a potion of ambrosia {unknown}
 w - 2 potions of lignification {unknown}
 z - 2 potions of mutation {unknown}
Comestibles
 d - 16 rations


   Skills:
 + Level 7.0 Fighting
 - Level 1.7 Throwing
 * Level 8.0 Armour
 * Level 8.7 Dodging
 + Level 7.5 Unarmed Combat


You had 6 spell levels left.
You knew the following spells:

 Your Spells              Type           Power        Failure   Level  Hunger
a - Regeneration          Chrm/Necr      #.........   88%         3    ####...

Your spell library contained the following spells:

 Spells                   Type           Power        Failure   Level  Hunger
 Pain                     Necr           #...         54%         1    ##.....
 Animate Skeleton         Necr           N/A          54%         1    ##.....
 Corpse Rot               Necr           N/A          67%         2    ###....


Dungeon Overview and Level Annotations

Branches:
Dungeon (8/15)             Temple (1/1) D:5            Lair (1/6) D:8

Altars:
Ashenzari
Cheibriados
Dithmenos
Elyvilon
Fedhas
Gozag
Hepliaklqana
Kikubaaqudgha
Makhleb
Nemelex Xobeh
Okawaru
Qazlal
Ru
Sif Muna
Trog
Uskayaw
Wu Jian
Xom
Yredelemnul
Zin
The Shining One

Shops:
D:6 [

Annotations:
D:8 Joseph


Innate Abilities, Weirdness & Mutations

Your body is rotting away.
You thrive on raw meat.
You are immune to poison.
You have sharp fingernails.
You are carnivorous and can eat meat at any time.
Your flesh is cold resistant. (rC+)
You are immune to negative energy. (rN+++)
You do not regenerate when monsters are visible.
You are immune to unholy pain and torment.
You can survive without breathing.


Message History

Joseph is heavily wounded.
Joseph hits you with an uncursed quarterstaff of holy wrath!
* * * LOW HITPOINT WARNING * * *
You convulse.
* * * LOW HITPOINT WARNING * * *
The orc barely misses you.
You fade into invisibility!
Joseph closely misses you. The orc misses you.
You are very lightly contaminated with residual magic.
You scratch Joseph.
Joseph is heavily wounded.
Joseph misses you. The orc hits you with a dagger.
* * * LOW HITPOINT WARNING * * *
You claw Joseph!
Joseph is severely wounded.
Joseph hits you with an uncursed quarterstaff of holy wrath!
* * * LOW HITPOINT WARNING * * *
You convulse!
You die...
Kikubaaqudgha rasps: "You have failed me!
Welcome... oblivion!"

#....8.# #####
#..8.(.### #...#
#....8...####...##
#.8.........#...#######
#...8..................
#.8...##########.......
#...8...### ##>###..
#.8.))....## ### ###
#...8@@....#
#..8...o......#
#....8......... #
#.............. #
###............ .
#............ .
..>............ #..
#............... ##..
#................# #...


You could see Joseph and an orc.

Vanquished Creatures
  Pikel (D:4)
  A cyclops (D:7)
  3 hippogriffs
  A shadow (D:7)
  A steam dragon (D:8)
  Menkaure (D:6)
  Edmund (D:6)
  Duvessa (D:4)
  3 orc warriors
  An ice beast (D:7)
  A sky beast (D:7)
  2 phantoms
  2 ogres (D:6)
  A crocodile (D:8)
  2 big kobolds (D:7)
  A gnoll sergeant (D:7)
  5 bullfrogs
  Blork the orc (D:6)
  Dowan (D:4)
  2 scorpions
  5 killer bees (D:7)
  2 howler monkeys
  3 crimson imps
  A centaur zombie (D:6)
  2 hounds
  A jelly (D:6)
  9 orc wizards
  3 orc priests
  A bullfrog skeleton (D:7)
  4 iguanas
  3 worker ants (D:6)
  Natasha (thrice) (D:1)
  A hound skeleton (D:6)
  7 adders
  7 gnolls
  A shadow imp (D:6)
  An ooze (D:7)
  An adder zombie (D:8)
  2 adder skeletons (D:6)
  6 worms
  6 dart slugs
  3 leopard geckos
  30 orcs
  4 bats
  10 giant cockroaches
  9 goblins
  9 hobgoblins
  9 jackals
  11 kobolds
  4 quokkas
  3 frilled lizards
  A jackal skeleton (D:5)
  A quokka skeleton (D:4)
  2 quokka zombies (D:2)
  5 rats
202 creatures vanquished.

Vanquished Creatures (others)
  An orc wizard (D:7)
1 creature vanquished.

Grand Total: 203 creatures vanquished

Notes
Turn   | Place    | Note
-------+----------+-------------------------------------------
     0 | D:1      | Borgoz the Ghoul Gladiator began the quest for the Orb.
     0 | D:1      | Reached XP level 1. HP: 17/17 MP: 0/0
   106 | D:1      | Reached XP level 2. HP: 22/24 MP: 1/1
   250 | D:1      | Reached skill level 1 in Armour
   395 | D:1      | Reached XP level 3. HP: 30/30 MP: 2/2
   894 | D:2      | Noticed Natasha
   908 | D:1      | Killed Natasha
   910 | D:1      | Reached XP level 4. HP: 20/37 MP: 3/3
  1405 | D:1      | Noticed Natasha
  1411 | D:1      | Killed Natasha
  1549 | D:1      | Noticed Natasha
  1565 | D:1      | Killed Natasha
  1713 | D:2      | Reached XP level 5. HP: 26/44 MP: 4/4
  2390 | D:3      | Found a sacrificial altar of Ru.
  2390 | D:3      | Found a deep blue altar of Sif Muna.
  2390 | D:3      | Found a basalt altar of Yredelemnul.
  2520 | D:3      | Found a stormy altar of Qazlal.
  2557 | D:3      | Found a white marble altar of Elyvilon.
  2557 | D:3      | Found a shadowy altar of Dithmenos.
  2563 | D:3      | Found an opulent altar of Gozag.
  2869 | D:4      | Noticed a phantom
  2967 | D:4      | Killed a phantom
  2967 | D:4      | Reached XP level 6. HP: 32/51 MP: 5/5
  3310 | D:4      | Noticed Duvessa
  3316 | D:4      | Noticed Dowan
  3323 | D:4      | Killed Duvessa
  3323 | D:4      | Reached XP level 7. HP: 43/58 MP: 6/6
  3331 | D:4      | Killed Dowan
  3475 | D:4      | Reached skill level 5 in Dodging
  3664 | D:4      | Noticed Pikel
  3691 | D:4      | Killed Pikel
  3691 | D:4      | Reached skill level 5 in Unarmed Combat
  3691 | D:4      | Reached XP level 8. HP: 29/67 MP: 7/7
  3959 | D:5      | Entered Level 5 of the Dungeon
  4172 | D:5      | Found a staircase to the Ecumenical Temple.
  4196 | Temple   | Entered the Ecumenical Temple
  4403 | D:5      | Found an ornate altar of the Wu Jian Council.
  4426 | D:5      | Reached skill level 5 in Armour
  4487 | D:5      | Found a snail-covered altar of Cheibriados.
  4970 | D:6      | Reached skill level 5 in Fighting
  5065 | Temple   | Became a worshipper of Kikubaaqudgha
  5369 | D:6      | Found Ahataica's Antique Armour Shoppe.
  5377 | D:6      | Noticed Menkaure
  5388 | D:6      | Killed Menkaure
  5388 | D:6      | Reached XP level 9. HP: 26/74 MP: 8/8
  5604 | D:6      | Noticed Blork the orc
  5615 | D:6      | Killed Blork the orc
  5739 | D:6      | Noticed Edmund
  5756 | D:6      | Killed Edmund
  5969 | D:7      | Reached * piety under Kikubaaqudgha
  5969 | D:7      | Identified Kikubaaqudgha's Grimoire of Necromancy (Kikubaaqudgha gifted it to you on level 7 of the Dungeon)
  5969 | D:7      | Received a gift from Kikubaaqudgha
  6036 | D:7      | HP: 2/75 [hippogriff (4)]
  6434 | D:7      | Noticed a cyclops
  6550 | D:7      | Killed a cyclops
  6550 | D:7      | Reached ** piety under Kikubaaqudgha
  6550 | D:7      | Reached XP level 10. HP: 12/84 MP: 9/9
  7469 | D:8      | Noticed Joseph
  7549 | D:8      | Noticed a two-headed ogre
  7648 | D:8      | Learned a level 3 spell: Regeneration
  7654 | D:8      | Found a staircase to the Lair.
  7663 | Lair:1   | Entered Level 1 of the Lair of Beasts
  7722 | D:8      | Mangled by Joseph

Vault maps used:
D:1:      lightli_arrival_flooded_house
D:2:      grunt_ministairs_13, minivault_26, uniq_natasha
D:3:      nicolae_overflow_hidden_temple, grunt_temple_overflow_open,
          st_stairs_13, moated_statue, lemuel_flame_loot_1
D:4:      first_ration, minmay_bisected, uniq_pikel, uniq_duvessa
D:5:      cheibrodos_worm_habitat, minmay_temple_entry_junction_2, basic_altar
D:6:      serial_shops, nicolae_shop_stone, kennysheep_another_room,
          minmay_tree_intersection, corexii_shack, uniq_blork_the_orc,
          uniq_menkaure, uniq_edmund
D:7:      minmay_blocky_corners
D:8:      lair_entry_dummy, grunt_pizzeria, minmay_misc_feat_pillars,
          uniq_joseph
Temple:   dshaligram_water_room_temple
Lair:1:   portal_ice_cave_entry_ice_beasts, basic_altar

Skill      XL: |  1  2  3  4  5  6  7  8  9 10 |
---------------+-------------------------------+-----
Armour         | 1 2 3 4 5 7 8 |  8.0
Dodging        | 3 4 5 6 8 |  8.7
Fighting       | 3 4 5 6 7 |  7.0
Unarmed Combat | 4 5 7 |  7.5
Throwing       | |  1.7

Action                   |  1- 3 |  4- 6 |  7- 9 | 10-12 || total
-------------------------+-------+-------+-------+-------++-------
Melee: Unarmed           |    85 |   240 |   456 |   197 ||   978
       Punch             |     2 |     3 |    13 |     4 ||    22
  Use: Scroll            |     2 |     6 |     2 |     1 ||    11
       Potion            |     2 |     2 |    11 |     3 ||    18
 Stab: Invisible         |       |       |     1 |       ||     1
  Eat: Chunk             |     2 |    22 |    55 |    23 ||   102
Armor: Leather armour    |    23 |    63 |    88 |    36 ||   210
Dodge: Dodged            |    39 |   165 |   332 |   121 ||   657

Table legend:
 A = Spawn XP
 B = Non-spawn XP
 C = Spawn XP percentage of total XP
 D = Spawn monster count
 E = Non-spawn monster count
 F = Spawn count percentage of total count
 G = Total turns spent on level
                    A         B        C        D         E        F      G
               +---------+---------+-------+---------+---------+-------+---------
         Total |       0 |    7200 |   0.0 |       0 |     202 |   0.0 |  7722
               +---------+---------+-------+---------+---------+-------+---------
           D:1 |       0 |     151 |   0.0 |       0 |      27 |   0.0 |  1587
           D:2 |       0 |     101 |   0.0 |       0 |      31 |   0.0 |   803
           D:3 |       0 |      45 |   0.0 |       0 |      14 |   0.0 |   532
           D:4 |       0 |    1176 |   0.0 |       0 |      17 |   0.0 |  1037
           D:5 |       0 |     147 |   0.0 |       0 |       8 |   0.0 |   766
           D:6 |       0 |    1244 |   0.0 |       0 |      27 |   0.0 |   955
           D:7 |       0 |    2921 |   0.0 |       0 |      51 |   0.0 |  1195
           D:8 |       0 |    1372 |   0.0 |       0 |      25 |   0.0 |   659
        Temple |       0 |      43 |   0.0 |       0 |       2 |   0.0 |   182
               +---------+---------+-------+---------+---------+-------+---------
